 Dungeon Crawl Stone Soup version 0.31-a0-983-g7b6862f502 (webtiles) character file.

Game seed: 13504230610897973387

25 gruber the Slasher (level 3, 19/19 HPs)
             Began as a Vine Stalker Fighter on Nov 2, 2023.
             Quit the game on level 2 of the Dungeon.
             The game lasted 00:00:59 (914 turns).

gruber the Slasher (Vine Stalker Fighter)            Turns: 914, Time: 00:01:00

Health: 19/19      AC:  7    Str: 20    XL:     3   Next: 6%
Magic:  4/4        EV:  9    Int:  8    God:
Gold:   44         SH:  4    Dex: 13    Spells: 2/2 levels left

rFire   . . .        a - +0 long sword
rCold   . . .        c - +0 buckler
rNeg    . . .        b - +0 scale mail
rPois   .            (no helmet)
rElec   .            (no cloak)
rCorr   .            f - +0 pair of gloves
SInv    .            (no boots)
Will    .....        (no amulet) Stlth
                     n - ring of wizardry
HPRegen 1.03/turn    (no ring)
MPRegen 0.09/turn

%: guardian spirit, wizardry (x1)
@: no status effects
A: fangs 2, regeneration 1, magic shield, antimagic bite, no potion heal 2
a: no special abilities


You were on level 2 of the Dungeon.
You visited 1 branch of the dungeon, and saw 2 of its levels.

You collected 44 gold pieces.

Inventory:

Hand Weapons
 a - a +0 long sword (weapon)
Armour
 b - a +0 scale mail (worn)
 c - a +0 buckler (worn)
 f - a +0 pair of gloves (worn)
Jewellery
 n - a ring of wizardry (left hand)
Scrolls
 g - a scroll of summoning {unknown}
 h - a scroll of poison {unknown}
 i - a scroll of enchant armour {unknown}
 l - a scroll of enchant weapon {unknown}
 m - a scroll of identify {unknown}
Potions
 d - a potion of might
 e - a potion of attraction {unknown}
 j - 2 potions of curing {unknown}
 k - a potion of heal wounds {unknown}


   Skills:
 - Level 2.6 Fighting
 + Level 3.1 Long Blades
 - Level 2.4 Armour
 - Level 2.6 Shields


You had 2 spell levels left.
You didn't know any spells.
Your spell library was empty.

Dungeon Overview and Level Annotations

Branches:
Dungeon (2/15)

Altars:


Innate Abilities, Weirdness & Mutations

You have extremely sharp teeth.
Your natural rate of healing is unusually fast.
When hurt, damage is shared between your health and your magic reserves.
Your bite disrupts and absorbs the magic of your enemies.
Potions cannot restore your health.


Message History

A ball python comes into view.
The ball python hisses angrily.
A ball python is nearby!
A ball python is nearby!
Found a stone staircase leading down.
A ball python is nearby!
You hit the ball python. Your bite misses the ball python.
The ball python is severely wounded.
The ball python bites you but does no damage.
The ball python grabs you. The ball python constricts you.
A ball python is nearby!
You hit the ball python.
You kill the ball python!
You have reached level 3!
Your experience leads to an increase in your attributes!
Increase (S)trength, (I)ntelligence, or (D)exterity?
You feel stronger. x2
You see here a ball python corpse.
There is a stone staircase leading down here.
A ball python comes into view.
The ball python hisses angrily.
A ball python is nearby!
A ball python is nearby!
A ball python is nearby!
A ball python is nearby!
A ball python is nearby!
A rat comes into view.
There are monsters nearby!
You slash the ball python!
You kill the ball python!
A rat is nearby!
You see here a ball python corpse.
A rat is nearby!
A rat is nearby!
You slash the rat!
You kill the rat!
A goblin and an orc come into view.
The goblin shouts!
The orc shouts!
You hear an angry hiss.
You hear a shout!
An adder comes into view.
Are you sure you want to abandon this character and quit the game? (Confirm with "yes".)

###########
..........##############
.............†.........>
.......@#.#############.
.######.#.# #. .g#.# #.
#..#.# #. o....# #.
.##.#.# #† . #.#.# #. S
..#+# ######. ........


You could see an adder, an orc and a goblin.

Vanquished Creatures
  A worm (D:2)
  4 ball pythons
  3 endoplasms (D:1)
  A giant cockroach (D:1)
  2 goblins (D:1)
  2 hobgoblins (D:1)
  A quokka (D:2)
  A bat (D:1)
  3 kobolds
  A rat (D:2)
19 creatures vanquished.

Notes
Turn   | Place    | Note
-------+----------+-------------------------------------------
     0 | D:1      | gruber the Vine Stalker Fighter began the quest for the
                  | Orb.
     0 | D:1      | Reached XP level 1. HP: 11/11 MP: 2/2
    48 | D:1      | Reached skill level 2 in Long Blades
   224 | D:1      | Reached XP level 2. HP: 16/16 MP: 3/3
   791 | D:2      | Reached skill level 3 in Long Blades
   888 | D:2      | Reached XP level 3. HP: 19/19 MP: 4/4
   914 | D:2      | Quit the game

Illustrated notes

Levels and vault maps discovered:
D:1:      scummos_arrival_simple_crosswalls, layout_basic, serial_park_tiny_1,
          minmay_misc_feat_roman, serial_bayou_crossing
D:2:      layout_basic

Skill      XL: |  1  2 |
---------------+-------+-----
Long Blades    | 2 3 |  3.1
Fighting       | |  2.6
Armour         | |  2.4
Shields        | |  2.6

Action                     || total
---------------------------++-------
  Melee: Long sword        ||    44
         Bite              ||    12
 Armour: Scale mail        ||    20
  Dodge: Dodged            ||    16
  Block: Buckler           ||     7

Table legend: (Time is in decaauts)
 A = Elapsed time spent in this place.
 B = Non-inter-level travel time spent in this place.
 C = Inter-level travel time spent in this place.
 D = Time resting spent in this place.
 E = Time spent auto-exploring this place.
 F = Levels seen in this place.
 G = Mean time per level.
                   A        B        C        D        E       F      G
               +--------+--------+--------+--------+--------+-----+--------+
         Total |    941 |    855 |     86 |      0 |    725 |   2 |  470.5 |
       Dungeon |    941 |    855 |     86 |      0 |    725 |   2 |  470.5 |
               +--------+--------+--------+--------+--------+-----+--------+

Top non-repeatable levels by time:
     D:1: 806 daAuts
     D:2: 135 daAuts
